 Dungeon Crawl Stone Soup version 0.31-a0-523-g071a6c1ffa (webtiles) character file.

Game seed: 7965722970473895431

21 arthad the Magician (level 3, -2/26 HPs)
             Began as a Djinni Fire Elementalist on Aug 11, 2023.
             Slain by Ijyb
             ... wielding a +0 club
              (3 damage)
             ... on level 2 of the Dungeon.
             The game lasted 00:02:32 (1299 turns).

arthad the Magician (Djinni Fire Elementalist)      Turns: 1299, Time: 00:02:33

Health: -2/26      AC:  3    Str:  6 (7)  XL:     3   Next: 5%
Gold:   66         EV: 12    Int: 16 (18) God:
                   SH:  0    Dex: 11 (13)

rFire   + + .        (no weapon)
rCold   x . .        (no shield)
rNeg    . . .        a - +0 robe
rPois   ∞            c - +1 hat
rElec   .            (no cloak)
rCorr   .            (no gloves)
SInv    .            (boots unavailable)
Will    .....        (no amulet)
Stlth   ++           (no ring)
HPRegen 0.24/turn    (no ring)
MPRegen 0.00/turn

%: infuse magic (-3 HP)
@: flying, very slightly contaminated
A: sickness immunity, fire resistance 2, cold vulnerability 1, float, innate
caster, HP casting, extra vitality 1
a: no special abilities


You were on level 2 of the Dungeon.
You visited 1 branch of the dungeon, and saw 2 of its levels.

You collected 66 gold pieces.

Inventory:

Armour
 a - a +0 robe (worn)
 c - a +1 hat (worn)
Scrolls
 e - a scroll of amnesia {unknown}
 f - a scroll of teleportation {unknown}
 g - a scroll of identify {unknown}
 i - a scroll of vulnerability {unknown}
 j - a scroll of fear {unknown}
 k - a scroll of revelation {unknown}
Potions
 b - a potion of degeneration
 d - a potion of curing {unknown}
 h - a potion of haste {unknown}


   Skills:
 * Level 0.5 Fighting
 + Level 0.2 Armour
 + Level 2.5 Dodging
 + Level 1.9 Stealth
 * Level 3.1 Spellcasting
 * Level 3.1 Conjurations
 * Level 3.1 Hexes
   Level 0.0 Charms
 * Level 3.1 Summonings
 * Level 3.1 Necromancy
 * Level 3.1 Translocations
 * Level 3.1 Transmutations
 * Level 3.1 Fire Magic
 * Level 3.1 Ice Magic
 * Level 3.1 Air Magic
 * Level 3.1 Earth Magic
 * Level 3.1 Poison Magic


You knew the following spells:

 Your Spells              Type           Power      Damage    Failure   Level
a - Foxfire               Conj/Fire      48%        2x1d6     5%          1
b - Scorch                Fire           24%        2d6       8%          2
c - Volatile Blastmotes   Fire/Tloc      24%        2d12      16%         3
d - Inner Flame           Hex/Fire       12%        N/A       16%         3
e - Flame Wave            Conj/Fire      12%        2d6       45%         4
f - Shock                 Conj/Air       48%        1d6       5%          1
Your spell library was empty.

Dungeon Overview and Level Annotations

Branches:
Dungeon (2/15)

Altars:

Annotations:
D:2 Ijyb


Innate Abilities, Weirdness & Mutations

You are immune to sickness and miasma.
You are immune to poison.
Your flesh is very heat resistant. (rF++)
You are vulnerable to cold. (rC-)
You float through the air rather than walking.
You learn spells naturally, not from books.
Your magical power is your life essence.
You have superior vitality. (+4 MHP)


Message History

Ijyb completely misses you.
You touch Ijyb but do no damage.
Ijyb is almost dead.
Ijyb completely misses you.
You touch Ijyb but do no damage.
Ijyb is almost dead.
Ijyb closely misses you.
You touch Ijyb but do no damage.
Ijyb is almost dead.
You barely miss Ijyb.
Ijyb is almost dead.
Ijyb hits you with a +0 club.
You barely miss Ijyb.
Ijyb is almost dead.
Ijyb completely misses you.
You closely miss Ijyb.
Ijyb is almost dead.
Ijyb hits you but does no damage.
You completely miss Ijyb.
Ijyb is almost dead.
You condense into your normal self.
Your +1 hat unmelds from your body.
Your +0 robe unmelds from your body.
Ijyb zaps a wand.
You resist with some effort.
You barely miss Ijyb.
Ijyb is almost dead.
Ijyb hits you with a +0 club.
* * * LOW HITPOINT WARNING * * *
Casting: Foxfire (safe; 4% risk of failure)
Confirm with . or Enter, or press ? or * to list all spells.
You miscast Scorch.
You are very lightly contaminated with residual magic.
Nothing appears to happen.
* * * LOW HITPOINT WARNING * * *
Ijyb hits you with a +0 club.
* * * LOW HITPOINT WARNING * * *
It was a potion of degeneration.
There was something very wrong with that liquid.
You feel weakened.
You feel dopey.
You feel clumsy. Ijyb hits you with a +0 club.
You die...

#.## ####
#..# #..
#..# #.#
#..#8.....8
#.#
##.#.......#
#..
#.#8.....8#
#..
#.#..)....#
#..
#.#8)....8#
#..
#@#.......#
##.
#g#8)....8#
#.
#g.)).....#
##
##........#
# ##########
# # # # #


You could see Ijyb and a goblin.

Vanquished Creatures
  2 endoplasms
  A giant cockroach (D:1)
  6 goblins
  A hobgoblin (D:2)
  A quokka (D:1)
  2 ball pythons
  A frilled lizard (D:1)
  2 kobolds
  3 rats
  A spectral goblin (D:1)
20 creatures vanquished.

Vanquished Creatures (others)
  81 foxfires
81 creatures vanquished.

Grand Total: 101 creatures vanquished

Notes
Turn   | Place    | Note
-------+----------+-------------------------------------------
     0 | D:1      | arthad the Djinni Fire Elementalist began the quest for the
                  | Orb.
     0 | D:1      | arthad set off with the following spells memorised:
                  | Foxfire, Scorch, Volatile Blastmotes, Inner Flame, Flame
                  | Wave.
     0 | D:1      | Reached XP level 1. HP: 15/15 MP: 0/0
    70 | D:1      | Found a faded altar of an unknown god.
   422 | D:1      | Reached XP level 2. HP: 20/21 MP: 0/0
  1256 | D:2      | Noticed Ijyb
  1264 | D:2      | Reached XP level 3. HP: 21/26 MP: 0/0
  1264 | D:2      | Learned a level 1 spell: Shock
  1298 | D:2      | HP: 1/26 [Ijyb/+0 club (2)]
  1299 | D:2      | Slain by Ijyb

Illustrated notes

Levels and vault maps discovered:
D:1:      ncdulo_watergridlock, layout_basic,
          dreamdust_ecumenical_altar_drowned_temple, st_stairs_1
D:2:      kennysheep_the_goblin_king, layout_loops_cross

Skill      XL: | |
---------------+-+-----
Spellcasting   | |  3.1
Conjurations   | |  3.1
Hexes          | |  3.1
Summonings     | |  3.1
Necromancy     | |  3.1
Translocations | |  3.1
Transmutations | |  3.1
Fire Magic     | |  3.1
Ice Magic      | |  3.1
Air Magic      | |  3.1
Earth Magic    | |  3.1
Poison Magic   | |  3.1
Fighting       | |  0.5
Armour         | |  0.2
Dodging        | |  2.5
Stealth        | |  1.9

Action                     || total
---------------------------++-------
  Melee: Unarmed           ||    23
   Cast: Foxfire           ||    46
         Scorch            ||     2
    Use: Potion            ||     1
 Armour: Robe              ||     4
         Skin              ||     5
  Dodge: Dodged            ||    21

Table legend: (Time is in decaauts)
 A = Elapsed time spent in this place.
 B = Non-inter-level travel time spent in this place.
 C = Inter-level travel time spent in this place.
 D = Time resting spent in this place.
 E = Time spent auto-exploring this place.
 F = Levels seen in this place.
 G = Mean time per level.
                   A        B        C        D        E       F      G
               +--------+--------+--------+--------+--------+-----+--------+
         Total |   1297 |   1253 |     44 |      0 |   1115 |   2 |  648.5 |
       Dungeon |   1297 |   1253 |     44 |      0 |   1115 |   2 |  648.5 |
               +--------+--------+--------+--------+--------+-----+--------+

Top non-repeatable levels by time:
     D:1: 887 daAuts
     D:2: 410 daAuts
